 Dungeon Crawl Stone Soup version 0.20.1-1-g8b1a95d (webtiles) character file.

24334 Ejeck the Fencer (level 12, -7/159 HPs)
             Began as a Minotaur Fighter on Aug 2, 2017.
             Mangled by a skeletal warrior
             ... wielding a +0 trident
              (9 damage)
             ... on level 13 of the Dungeon.
             The game lasted 00:46:22 (14517 turns).

Ejeck the Fencer (Minotaur Fighter)                Turns: 14517, Time: 00:46:24

Health: -7/159     AC: 13    Str: 30    XL:     12   Next: 79%
Magic:  12/12      EV: 15    Int:  5    God:
Gold:   562        SH: 17    Dex: 11    Spells: 11/11 levels left

rFire    . . .     SeeInvis .   P - +9 scimitar of Gebainisur {freeze, +Blink}
rCold    . . .     Gourm    +   c - +0 shield
rNeg     . . .     Faith    .   T - +3 troll leather armour {Snorg}
rPois    .         Spirit   .   (helmet restricted)
rElec    .         Reflect  .   (no cloak)
rCorr    .         Harm     .   H - +0 pair of gloves
MR       .....                  M - +0 pair of boots
Stlth    ..........             l - amulet of the gourmand
Regen    0.8/turn               m - +4 ring of protection
MPRegen  0.2/turn               K - +6 ring of slaying

@: berserking, very quick
A: retaliatory headbutt, horns 2, large bone plates 1, deformed body
a: Evoke Blink


You were on level 13 of the Dungeon.
You were not hungry.

You visited 1 branch of the dungeon, and saw 13 of its levels.

You collected 793 gold pieces.
You spent 231 gold pieces at shops.

Inventory:

Hand Weapons
 P - the +9 scimitar of Gebainisur (weapon) {freeze, +Blink}
   (You found it on level 9 of the Dungeon)

   It has been specially enchanted to freeze those struck by it, causing extra
   injury to most foes and up to half again as much damage against particularly
   susceptible opponents.
   It can also slow down cold-blooded creatures.
   It lets you blink.
Armour
 c - a +0 shield (worn)
 H - a +0 pair of gloves (worn)
 M - a +0 pair of boots (worn)
 T - a +3 troll leather armour (worn) {Snorg}
Jewellery
 l - an amulet of the gourmand (around neck)
 m - a +4 ring of protection (left hand)
 p - an uncursed ring of poison resistance {unknown}
 y - an uncursed amulet of faith
 I - an uncursed ring of flight
 K - a +6 ring of slaying (right hand)
 L - a +2 ring of dexterity
 O - an uncursed ring of see invisible
 S - a cursed -3 ring of evasion {unknown}
Wands
 i - a wand of lightning (13/15)
 n - a wand of flame (0/48)
 o - a wand of disintegration (10/24)
 x - a wand of confusion (22/48)
 W - a wand of paralysis (16/24)
Scrolls
 a - a scroll of enchant armour
 e - a scroll of amnesia
 k - 3 scrolls of magic mapping
 s - a scroll of identify
 t - a scroll of fog {unknown}
 v - 6 scrolls of teleportation
 w - a scroll of acquirement {unknown}
 A - 10 scrolls of remove curse
 J - a scroll of recharging
Potions
 b - a potion of brilliance {unknown}
 d - 3 potions of might
 g - 2 potions of haste
 h - 2 potions of resistance
 j - 6 potions of curing
 r - a potion of flight {unknown}
 z - a potion of cancellation {unknown}
 C - a potion of experience {unknown}
 D - a potion of lignification
 F - a potion of heal wounds {unknown}
Comestibles
 f - a bread ration
 q - 11 meat rations
 E - 4 royal jellies
 U - 6 fruits


   Skills:
 + Level 10.0 Fighting
 * Level 16.0 Long Blades
 + Level 10.5 Armour
 * Level 7.6 Dodging
 + Level 2.1 Stealth
 + Level 11.8 Shields
 + Level 1.5 Evocations


You had 11 spell levels left.
You didn't know any spells.

Dungeon Overview and Level Annotations

Branches:
Dungeon (13/15)            Temple (0/1) D:6            Lair (0/6) D:11
    Orc (0/2) D:9
 Vaults: D:13-14

Altars:
Cheibriados
Elyvilon
Gozag
Hepliaklqana
Kikubaaqudgha
Sif Muna
Yredelemnul
Zin

Shops:
D:4 [([*


Innate Abilities, Weirdness & Mutations

You reflexively headbutt those who attack you in melee.
You have a pair of horns on your head.
You are partially covered in large bone plates. (SH +4)
Armour fits poorly on your strangely shaped body.


Message History

You block the slime creature's attack.
The skeletal warrior hits you with an enchanted glaive!
* * * LOW HITPOINT WARNING * * *
You feel better.
The vault guard seems to regain its courage.
You block the vampire's attack.
The vampire bites you but does no damage.
The slime creature misses you. You furiously retaliate!
You headbutt the slime creature!
The skeletal warrior hits you with a trident!
* * * LOW HITPOINT WARNING * * *
The skeletal warrior barely misses you.
A vault guard comes into view. It is wielding a battleaxe.
A red film seems to cover your vision as you go berserk!
You feel yourself moving faster!
You feel mighty!
The vault guard shouts!
You block the vampire's attack. The vampire misses you.
The slime creature hits you but does no damage.
The skeletal warrior hits you with a trident!
You die...

##### #######
#...###########z....#
#...........ZJ@zz...#
#....##...p..V##z...#
#...####....p## #...#
#..## ##...## #..#
#..## ##H## ..#
#...## ... .#
#....##.#. . #.....#
p. ## #.....+


You could see 3 vault guards, 4 skeletal warriors, a slime creature, a
manticore, a vampire and a centaur warrior skeleton.

Vanquished Creatures
  Snorg (D:10)
  Erolcha (D:10)
  5 two-headed ogres
  The ghost of Peloso the Carver, a novice DsFi of Okawaru (D:8)
  Urug (D:10)
  A sixfirhy (D:9)
  A skeletal warrior (D:13)
  2 unseen horrors
  A swamp dragon (shapeshifter) (D:11)
  Pikel (D:7)
  3 ugly things (D:11)
  2 manticores (D:11)
  2 cyclopes
  Psyche (D:8)
  A freezing wraith (D:11)
  An efreet (D:11)
  3 trolls
  Grinder (D:5)
  Prince Ribbit (D:7)
  A hornet (D:12)
  A redback (D:11)
  3 hippogriffs (D:11)
  2 vampires
  A spriggan (D:7)
  2 shadows
  A wraith (D:13)
  12 yaks
  Eustachio (D:6)
  A water elemental (D:12)
  A hungry ghost (D:10)
  Grum (D:8)
  An acid dragon (D:13)
  4 sky beasts
  5 ice beasts
  2 orc warriors
  2 slaves (D:7)
  A hornet zombie (D:11)
  A black bear (D:8)
  4 centaurs
  7 ogres
  3 wolves (D:8)
  A crocodile (D:11)
  2 big kobolds
  12 bullfrogs
  4 scorpions
  A water moccasin skeleton (D:6)
  A water moccasin zombie (D:8)
  9 killer bees
  4 wights (D:12)
  3 electric eels
  3 howler monkeys (D:8)
  3 centaur zombies
  4 crimson imps
  5 hounds
  A bullfrog zombie (D:5)
  5 bullfrog skeletons
  6 jellies
  Crazy Yiuf (D:6)
  A gnoll shaman (D:7)
  4 orc priests
  13 orc wizards
  18 worker ants
  A hound skeleton (D:8)
  3 worker ant zombies
  15 adders
  9 gnolls (D:7)
  4 shadow imps
  5 worms
  4 dart slugs
  9 leopard geckos
  41 orcs
  A ball python (D:5)
  6 bats
  5 giant cockroaches
  2 gnoll zombies (D:7)
  2 goblins
  2 hobgoblins
  3 jackals (D:3)
  11 kobolds
  2 quokkas
  3 frilled lizards
  3 rats
319 creatures vanquished.

Vanquished Creatures (others)
  3 kobolds (D:7)
3 creatures vanquished.

Grand Total: 322 creatures vanquished

Notes
Turn   | Place    | Note
-------+----------+-------------------------------------------
     0 | D:1      | Ejeck the Minotaur Fighter began the quest for the Orb.
     0 | D:1      | Reached XP level 1. HP: 19/19 MP: 0/0
   246 | D:1      | Reached XP level 2. HP: 24/27 MP: 1/1
   677 | D:2      | Reached XP level 3. HP: 33/33 MP: 2/2
   694 | D:2      | Reached skill level 3 in Long Blades
   956 | D:2      | Found a hazy altar of Hepliaklqana.
  1712 | D:3      | Reached XP level 4. HP: 14/41 MP: 3/3
  2091 | D:3      | Reached skill level 4 in Long Blades
  2154 | D:3      | Reached XP level 5. HP: 47/47 MP: 4/4
  2448 | D:3      | Reached skill level 5 in Long Blades
  2554 | D:3      | Found an ancient bone altar of Kikubaaqudgha.
  2555 | D:3      | Found a snail-covered altar of Cheibriados.
  3029 | D:4      | Found Bink's Antique Weapon Emporium.
  3094 | D:4      | Found Zuus's Armour Shoppe.
  3153 | D:4      | Found Onuxu's General Store.
  3199 | D:4      | Found Soazusch's Armour Boutique.
  3203 | D:4      | Reached XP level 6. HP: 48/53 MP: 5/5
  3211 | D:4      | Bought a +2 scale mail of fire resistance for 231 gold pieces
  3221 | D:4      | Gained mutation: Scrolls take you a little longer to read. [potion of mutation]
  3221 | D:4      | Gained mutation: You have a pair of large horns on your head. [potion of mutation]
  3222 | D:4      | Lost mutation: Scrolls take you a little longer to read. [potion of mutation]
  3222 | D:4      | Lost mutation: You have a pair of large horns on your head. [potion of mutation]
  3222 | D:4      | Gained mutation: Your spells are a little harder to cast, but a little more powerful. [potion of mutation]
  3222 | D:4      | Gained mutation: Your muscles are strong. (Str +2) [potion of mutation]
  3223 | D:4      | Lost mutation: Your spells are a little harder to cast, but a little more powerful. [potion of mutation]
  3223 | D:4      | Lost mutation: Your muscles are strong. (Str +2) [potion of mutation]
  3223 | D:4      | Gained mutation: You passively map a small area around you. [potion of mutation]
  3223 | D:4      | Gained mutation: You have a pair of large horns on your head. [potion of mutation]
  3223 | D:4      | Gained mutation: Potions are less effective at restoring your health. [potion of mutation]
  3223 | D:4      | Gained mutation: You possess an exceptional clarity of mind. [potion of mutation]
  3300 | D:4      | Reached skill level 6 in Long Blades
  3300 | D:4      | Reached skill level 5 in Shields
  3395 | D:5      | Entered Level 5 of the Dungeon
  3482 | D:5      | Reached XP level 7. HP: 53/60 MP: 6/6
  3491 | D:5      | Noticed Grinder
  3492 | D:5      | Paralysed by Grinder for 7 turns
  3508 | D:5      | Reached skill level 7 in Long Blades
  3531 | D:5      | Killed Grinder
  3531 | D:5      | Reached skill level 5 in Fighting
  3531 | D:5      | Reached skill level 5 in Armour
  3636 | D:5      | Reached skill level 8 in Long Blades
  3712 | D:5      | Reached skill level 1 in Dodging
  3924 | D:6      | Reached XP level 8. HP: 68/68 MP: 7/7
  3927 | D:6      | Noticed Eustachio
  3958 | D:6      | Killed Eustachio
  4058 | D:6      | Found a white marble altar of Elyvilon.
  4058 | D:6      | Found a deep blue altar of Sif Muna.
  4117 | D:6      | Found a runed door.
  4121 | D:6      | Noticed Crazy Yiuf
  4126 | D:6      | Killed Crazy Yiuf
  4305 | D:6      | Found a staircase to the Ecumenical Temple.
  4457 | D:6      | Reached skill level 9 in Long Blades
  4707 | D:7      | Noticed Pikel
  4732 | D:7      | Killed Pikel
  4732 | D:7      | Reached skill level 10 in Long Blades
  4732 | D:7      | Reached XP level 9. HP: 18/75 MP: 8/8
  5187 | D:7      | Noticed Prince Ribbit
  5194 | D:7      | Killed Prince Ribbit
  5194 | D:7      | Reached skill level 11 in Long Blades
  5490 | D:7      | Found a basalt altar of Yredelemnul.
  5887 | D:8      | Noticed Peloso's ghost (novice DsFi)
  5909 | D:8      | Killed Peloso's ghost
  6225 | D:8      | Noticed Grum
  6234 | D:8      | Reached skill level 12 in Long Blades
  6243 | D:8      | Killed Grum
  6791 | D:8      | Reached XP level 10. HP: 84/84 MP: 9/9
  7037 | D:8      | Noticed Psyche
  7062 | D:8      | Killed Psyche
  7080 | D:8      | Noticed a two-headed ogre
  7089 | D:8      | Killed a two-headed ogre
  7301 | D:8      | Found a glowing silver altar of Zin.
  7992 | D:9      | Found a runed door.
  7992 | D:9      | Noticed a sixfirhy
  8171 | D:9      | Reached skill level 13 in Long Blades
  8227 | D:9      | Found a staircase to the Orcish Mines.
  8238 | D:9      | Reached skill level 1 in Evocations
  8713 | D:9      | Noticed a two-headed ogre
  8723 | D:9      | Killed a two-headed ogre
  8845 | D:9      | Killed a sixfirhy
  8845 | D:9      | Reached XP level 11. HP: 60/94 MP: 11/11
  9167 | D:9      | Got an ancient scimitar
  9168 | D:9      | Identified the +9 scimitar of Gebainisur {freeze, +Blink} (You found it on level 9 of the Dungeon)
  9409 | D:10     | Entered Level 10 of the Dungeon
  9535 | D:10     | Noticed Erolcha
  9543 | D:10     | Killed Erolcha
  9543 | D:10     | Reached skill level 14 in Long Blades
  9838 | D:10     | Noticed Urug
  9853 | D:10     | Killed Urug
  9892 | D:10     | Noticed a two-headed ogre
  9897 | D:10     | Killed a two-headed ogre
  9897 | D:10     | Reached skill level 10 in Shields
  9919 | D:10     | Killed an unseen horror
 10258 | D:10     | Noticed Snorg
 10273 | D:10     | HP: 4/95 [Snorg (15)]
 10274 | D:10     | Killed Snorg
 10274 | D:10     | Reached skill level 10 in Armour
 10552 | D:10     | Reached skill level 1 in Stealth
 10749 | D:10     | Reached skill level 5 in Dodging
 10917 | D:10     | Lost mutation: You have a pair of large horns on your head. [potion of mutation]
 10917 | D:10     | Lost mutation: You passively map a small area around you. [potion of mutation]
 10917 | D:10     | Lost mutation: You possess an exceptional clarity of mind. [potion of mutation]
 10917 | D:10     | Lost mutation: Potions are less effective at restoring your health. [potion of mutation]
 10917 | D:10     | Gained mutation: Armour fits poorly on your strangely shaped body. [potion of mutation]
 10917 | D:10     | Gained mutation: You are partially covered in large bone plates. (SH +4) [potion of mutation]
 12695 | D:11     | Noticed a two-headed ogre
 12702 | D:11     | Killed a two-headed ogre
 12741 | D:11     | Noticed a green ugly thing
 12742 | D:11     | Noticed a purple ugly thing
 12747 | D:11     | Killed a green ugly thing
 12747 | D:11     | Reached XP level 12. HP: 103/103 MP: 12/12
 12753 | D:11     | Reached skill level 15 in Long Blades
 12801 | D:11     | Found a staircase to the Lair.
 13361 | D:11     | Noticed a two-headed ogre
 13366 | D:11     | Killed a two-headed ogre
 13904 | D:12     | Found an opulent altar of Gozag.
 14437 | D:13     | Reached skill level 16 in Long Blades
 14510 | D:13     | Noticed a vault guard
 14513 | D:13     | Reached skill level 10 in Fighting
 14514 | D:13     | Noticed a vault guard
 14516 | D:13     | HP: 1/106 [skeletal warrior/trident (12)]
 14517 | D:13     | Noticed a vault guard
 14517 | D:13     | Mangled by a skeletal warrior

Skill      XL: |  1  2  3  4  5  6  7  8  9 10 11 12 |
---------------+-------------------------------------+-----
Armour         | 4 5 6 7 8 10 | 10.5
Fighting       | 4 5 6 7 8 10 | 10.0
Long Blades    | 3 4 5 6 8 10 12 13 14 16 | 16.0
Shields        | 4 5 6 7 8 9 10 11 | 11.8
Dodging        | 1 3 4 5 7 |  7.6
Evocations     | 1 |  1.5
Stealth        | 1 2 |  2.1

Action                   |  1- 3 |  4- 6 |  7- 9 | 10-12 || total
-------------------------+-------+-------+-------+-------++-------
Melee: Long sword        |   100 |   146 |   261 |   118 ||   625
       Headbutt          |    22 |    20 |    64 |    82 ||   188
       Scimitar          |       |       |       |   268 ||   268
       Demon blade       |       |       |       |     4 ||     4
 Abil: Evoke Flight      |       |       |       |     3 ||     3
       Stop Flying       |       |       |       |     2 ||     2
Evoke: Wand              |       |       |     1 |     3 ||     4
  Use: Scroll            |     1 |     6 |     9 |     9 ||    25
       Potion            |       |     3 |     1 |     7 ||    11
  Eat: Bread ration      |     1 |     1 |     2 |     5 ||     9
       Royal jelly       |       |     1 |       |       ||     1
       Fruit             |       |       |     4 |       ||     4
Armor: Scale mail        |    17 |     5 |    89 |    87 ||   198
       Plate armour      |    40 |    71 |       |       ||   111
       Troll leather arm |       |       |       |    36 ||    36
Dodge: Dodged            |    22 |    33 |    96 |   122 ||   273
Block: Shield            |    49 |    61 |   162 |   264 ||   536
       Rpst.: Long sword |     4 |     8 |    32 |     8 ||    52
       Scimitar          |       |       |       |    16 ||    16
